 Dungeon Crawl Stone Soup version 0.30.0-19-gbf45117a57 (webtiles) character file.

Game seed: 4392828365034816934

6808 qw the Cleaver (level 11, 0/71 HPs)
             Began as a Gargoyle Fighter on May 23, 2023.
             Was an Initiate of Okawaru.
             Killed by divine providence
             ... invoked by an orc priest
              (12 damage)
             ... on level 9 of the Dungeon.
             The game lasted 00:03:38 (8046 turns).

qw the Cleaver (Gargoyle Fighter)                   Turns: 8046, Time: 00:03:38

Health: 0/71       AC: 27    Str: 22    XL:     11   Next: 5%
Magic:  11/11      EV:  7    Int:  9    God:    Okawaru [......]
Gold:   541        SH:  5    Dex: 13    Spells: 10/10 levels left

rFire   . . .        q - +1 broad axe (drain)
rCold   . . .        c - +0 buckler
rNeg    + + .        p - +0 plate armour
rPois   inf          n - +0 helmet
rElec   +            (no cloak)
rCorr   .            o - +0 pair of gloves
SInv    .            h - +2 pair of boots {Fly}
Will    .....        (no amulet) Stlth
                     a - ring of positive energy
HPRegen 0.31/turn    (no ring)
MPRegen 0.12/turn

%: no passive effects
@: flying
A: sickness immunity, AC +8, negative energy resistance 1, electricity
resistance, torment resistance 1, petrification resistance, hooves 1, agile 1
a: Renounce Religion


You were on level 9 of the Dungeon.
You worshipped Okawaru.
Okawaru was noncommittal.
You visited 2 branches of the dungeon, and saw 10 of its levels.

You collected 541 gold pieces.


Innate Abilities, Weirdness & Mutations

You are immune to sickness and miasma.
Your stone body is resilient. (AC +8)
You are immune to poison.
You resist negative energy. (rN+)
You are resistant to electric shocks. (rElec)
You are resistant to unholy torment.
You are immune to petrification.
You have large cloven feet.
You are agile. (Dex +4, Str/Int -1)


   Skills:
 - Level 9.1 Fighting
 + Level 11.1 Axes
 - Level 8.0 Armour
 - Level 2.1 Dodging
 - Level 5.8 Shields


You had 10 spell levels left.
You didn't know any spells.
Your spell library was empty.

Inventory:

Hand Weapons
 m - a +5 morningstar
 q - a +1 broad axe of draining (weapon)
Armour
 c - a +0 buckler (worn)
 h - a +2 pair of boots of flying (worn)
 n - a +0 helmet (worn)
 o - a +0 pair of gloves (worn)
 p - a +0 plate armour (worn)
Jewellery
 a - a ring of positive energy (left hand)
 s - a +6 ring of strength
Scrolls
 g - a scroll of identify
Potions
 b - a potion of attraction
 d - 2 potions of might
 e - a potion of berserk rage {unknown}
 f - 3 potions of haste
 i - a potion of mutation
 j - a potion of resistance
 k - a potion of lignification
 l - a potion of degeneration {unknown}
 r - 2 potions of curing

Dungeon Overview and Level Annotations

Branches:
Dungeon (9/15)             Temple (1/1) D:6
   Lair: D:8-11         Orc: D:9-12

Altars:
Ashenzari
Cheibriados
Dithmenos
Elyvilon
Fedhas
Gozag
Hepliaklqana
Kikubaaqudgha
Makhleb
Nemelex Xobeh
Okawaru
Qazlal
Ru
Sif Muna
Trog
Uskayaw
Vehumet
Wu Jian
Xom
Yredelemnul
The Shining One

Shops:
D:5 (   D:8 (

Annotations:
D:3 1 runed translucent door, Crazy Yiuf
D:7 1 runed translucent door, qw's ghost, novice GrCA


Message History

A kobold comes into view. It is wielding a +0 dagger.
Your Fighting skill increases to level 9!
You have reached level 11!
You hit the yak. You drain the yak.
The yak is heavily wounded.
You slash the kobold!
You kill the kobold!
An orc priest comes into view. It is wielding a +0 short sword.
The yak gores you.
A kobold comes into view. It is wielding a +0 short sword.
The orc priest casts a cantrip, but nothing happens.
You slash the yak!
You kill the yak!
Okawaru accepts your kill.
You barely miss the kobold. The kobold hits you but does no damage.
The kobold brigand throws a poisoned dart.
The poisoned dart barely misses you.
You slash the orc priest! You drain the orc priest.
The orc priest is almost dead.
You slice the kobold!!
You kill the kobold!
The orc priest invokes the aid of Beogh against you.
Beogh smites you!
You barely miss the orc priest.
The orc priest is almost dead.
You closely miss the kobold. The orc priest hits you with a +0 club.
You slash the orc priest!
You kill the orc priest!
Okawaru accepts your kill.
You slash the kobold!
You kill the kobold!
Okawaru accepts your kill.
You closely miss the kobold.
The orc priest mumbles some strange prayers to Beogh against you.
Beogh smites you! The kobold hits you but does no damage.
The orc priest calls down the wrath of Beogh upon you.
Beogh smites you!
You die...

.....
##...## #
##...... ..
...o.. ...
...o##.#>#
..o.K K..
#K)##..#
#@K....#
####..#...#
..#......#
#.#.##..##
#.#.##..###
#..........
##..##..###
#.###..#
#.# #.#
#..# #.#


You could see a kobold brigand, 2 orc priests, an orc and 2 kobolds.

Vanquished Creatures
  Erica (D:8)
  A two-headed ogre (D:8)
  Pikel (D:8)
  Maggie (D:9)
  Grinder (D:3)
  6 yaks
  A wyvern (D:9)
  Edmund (D:6)
  2 water moccasins
  An orc warrior (D:6)
  3 black bears
  3 sky beasts
  4 ogres
  2 lemures (D:8)
  A gnoll sergeant (D:7)
  5 bullfrogs
  3 scorpions
  14 wights
  5 killer bees (D:9)
  5 howler monkeys
  3 jellies
  6 hounds
  5 orc priests
  Terence (D:3)
  An iguana (D:6)
  3 sleepcaps
  8 adders
  6 gnolls
  A shadow imp (D:6)
  A white imp (D:7)
  A worm (D:4)
  3 dart slugs
  24 orcs
  3 endoplasms
  3 giant cockroaches
  8 goblins
  13 hobgoblins
  3 jackals (D:1)
  2 quokkas
  11 ball pythons
  4 bats
  2 frilled lizards
  10 kobolds
  7 rats
190 creatures vanquished.

Notes
Turn   | Place    | Note
-------+----------+-------------------------------------------
     0 | D:1      | qw the Gargoyle Fighter began the quest for the Orb.
     0 | D:1      | Reached XP level 1. HP: 14/14 MP: 1/1
     0 | D:1      | 0 ||| qw: Version: 0.2-a-98-g5d7165a
     0 | D:1      | 0 ||| qw: Game counter: 24
     0 | D:1      | 0 ||| qw: Always use a shield: true
     0 | D:1      | 0 ||| qw: God list: Okawaru
     0 | D:1      | 0 ||| qw: Allow faded altars: false
     0 | D:1      | 0 ||| qw: Do Orc after D:15 true
     0 | D:1      | 0 ||| qw: Do second Lair branch before Depths: true
     0 | D:1      | 0 ||| qw: Lair rune preference: random
     0 | D:1      | 0 ||| qw: Plans: Normal, Zot:1-4, God:TSO, Crypt, Tomb,
                  | Pan, Slime:5, Hells, Abyss, Win
     0 | D:1      | 0 ||| PLANNING D:1-11
    69 | D:1      | Reached skill level 2 in Axes
   231 | D:1      | Reached XP level 2. HP: 19/19 MP: 2/2
   300 | D:1      | 300 ||| Stepping ~*~*~tactically~*~*~ (hiding).
   479 | D:1      | 479 ||| Stepping ~*~*~tactically~*~*~ (stealth).
   514 | D:1      | 514 ||| Stepping ~*~*~tactically~*~*~ (stealth).
   522 | D:1      | 522 ||| Stepping ~*~*~tactically~*~*~ (stealth).
   529 | D:1      | 529 ||| Stepping ~*~*~tactically~*~*~ (stealth).
   534 | D:1      | Reached skill level 3 in Axes
   730 | D:1      | 730 ||| Stepping ~*~*~tactically~*~*~ (hiding).
   742 | D:1      | Reached XP level 3. HP: 23/23 MP: 3/3
   745 | D:1      | 745 ||| Stepping ~*~*~tactically~*~*~ (stealth).
   746 | D:1      | 746 ||| Stepping ~*~*~tactically~*~*~ (stealth).
   747 | D:1      | 747 ||| Stepping ~*~*~tactically~*~*~ (stealth).
   750 | D:1      | 750 ||| Stepping ~*~*~tactically~*~*~ (stealth).
   903 | D:1      | 903 ||| UPGRADING to +2 pair of boots of flying.
   908 | D:1      | 908 ||| UPGRADING to +0 helmet.
   913 | D:1      | 913 ||| READING scroll labelled CEROBR LEPRO.
   914 | D:1      | 914 ||| READING scroll labelled ETYFOA JYCEL.
   915 | D:1      | 915 ||| READING scroll labelled JUMOSO TOAC.
   916 | D:1      | 916 ||| READING scroll labelled GUIMIG UJ KIWO.
   917 | D:1      | 917 ||| DRINKING 3 inky potions.
   918 | D:1      | 918 ||| DROPPING 2 potions of brilliance.
  1084 | D:2      | Reached XP level 4. HP: 28/28 MP: 4/4
  1125 | D:2      | Reached skill level 4 in Axes
  1136 | D:2      | Found a faded altar of an unknown god.
  1138 | D:2      | 1138 ||| Stepping ~*~*~tactically~*~*~ (hiding).
  1755 | D:2      | 1755 ||| READING scroll labelled PUMEUNUBLIN.
  1756 | D:2      | 1756 ||| READING scroll labelled VIGRIAH VESEYCH.
  1757 | D:2      | 1757 ||| DRINKING 2 murky amethyst potions.
  1872 | D:3      | Reached XP level 5. HP: 32/32 MP: 5/5
  2015 | D:3      | Noticed Terence
  2031 | D:3      | Killed Terence
  2071 | D:3      | 2071 ||| DROPPING +0 club.
  2125 | D:3      | Noticed Grinder
  2145 | D:3      | Paralysed by Grinder for 2 turns
  2147 | D:3      | Killed Grinder
  2148 | D:3      | Reached skill level 6 in Axes
  2148 | D:3      | Reached XP level 6. HP: 33/37 MP: 6/6
  2349 | D:3      | Found a runed translucent door.
  2350 | D:3      | Noticed Crazy Yiuf
  2395 | D:3      | 2395 ||| READING 3 scrolls of enchant weapon.
  2395 | D:3      | 2395 ||| ENCHANTING +1 war axe.
  2396 | D:3      | 2396 ||| READING 2 scrolls of enchant weapon.
  2396 | D:3      | 2396 ||| ENCHANTING +2 war axe.
  2397 | D:3      | 2397 ||| READING scroll of enchant weapon.
  2397 | D:3      | 2397 ||| ENCHANTING +3 war axe.
  2532 | D:3      | 2532 ||| UPGRADING to ring of positive energy.
  2533 | D:3      | 2533 ||| READING scroll labelled OGECZITSEGI.
  2534 | D:3      | 2534 ||| DRINKING 2 smoky orange potions.
  2534 | D:3      | Gained mutation: You have hidden genetic potential. [potion
                  | of mutation]
  2698 | D:4      | Reached XP level 7. HP: 31/43 MP: 7/7
  2705 | D:4      | Reached skill level 1 in Dodging
  2753 | D:4      | 2753 ||| READING scroll of enchant weapon.
  2753 | D:4      | 2753 ||| ENCHANTING +4 war axe.
  2987 | D:4      | 2987 ||| Stepping ~*~*~tactically~*~*~ (hiding).
  3129 | D:4      | 3129 ||| Stepping ~*~*~tactically~*~*~ (hiding).
  3132 | D:4      | 3132 ||| Stepping ~*~*~tactically~*~*~ (hiding).
  3302 | D:4      | Gained mutation: You are agile. (Dex +4, Str/Int -1)
                  | [hidden potential]
  3329 | D:4      | 3329 ||| UPGRADING to +0 chain mail.
  3339 | D:4      | 3339 ||| DROPPING +0 scale mail.
  3340 | D:4      | 3340 ||| UPGRADING to +0 pair of gloves.
  3345 | D:4      | 3345 ||| DRINKING 4 emerald potions.
  3346 | D:4      | 3346 ||| READING 2 scrolls of identify.
  3346 | D:4      | 3346 ||| IDENTIFYING silvery potion
  3352 | D:5      | Entered Level 5 of the Dungeon
  3374 | D:5      | 3374 ||| Stepping ~*~*~tactically~*~*~ (hiding).
  3388 | D:5      | Reached skill level 7 in Axes
  3423 | D:5      | Reached XP level 8. HP: 24/49 MP: 8/8
  3426 | D:5      | 3426 ||| Stepping ~*~*~tactically~*~*~ (stealth).
  3884 | D:5      | Found Gasomoap's Weapon Shop.
  4094 | D:5      | Gained mutation: You have large cloven feet. [hidden
                  | potential]
  4094 | D:5      | Lost mutation: You have hidden genetic potential. [hidden
                  | potential expressed]
  4137 | D:5      | 4137 ||| Stepping ~*~*~tactically~*~*~ (stealth).
  4408 | D:5      | 4408 ||| READING scroll labelled HAEXIU YCRI.
  4409 | D:5      | 4409 ||| READING scroll labelled RECELO YTAN.
  4410 | D:5      | 4410 ||| READING scroll labelled RUPUOFRIDA.
  4411 | D:5      | 4411 ||| READING 2 scrolls labelled MAM KY QYUSIUF.
  4412 | D:5      | 4412 ||| DROPPING scroll of noise.
  4498 | D:6      | Reached skill level 8 in Axes
  4537 | D:6      | 4537 ||| Stepping ~*~*~tactically~*~*~ (hiding).
  4728 | D:6      | Found a staircase to the Ecumenical Temple.
  4729 | D:6      | 4729 ||| PLANNING TEMPLE
  4734 | D:6      | Reached skill level 6 in Fighting
  4743 | D:6      | 4743 ||| Stepping ~*~*~tactically~*~*~ (hiding).
  4806 | Temple   | Entered the Ecumenical Temple
  4857 | Temple   | 4857 ||| PLANNING D:1-11
  4950 | D:6      | Identified the +1 ring mail of Recklessness {Str+3 Dex+4
                  | Stlth+}
  4968 | D:6      | 4968 ||| Stepping ~*~*~tactically~*~*~ (stealth).
  4975 | D:6      | Reached skill level 9 in Axes
  4979 | D:6      | Reached XP level 9. HP: 46/55 MP: 9/9
  5264 | D:6      | Noticed Edmund
  5272 | D:6      | Killed Edmund
  5334 | D:6      | 5334 ||| DROPPING +1 ring mail of Recklessness {Str+3 Dex+4
                  | Stlth+}.
  5335 | D:6      | 5335 ||| UPGRADING to +0 plate armour.
  5345 | D:6      | 5345 ||| DROPPING +0 chain mail.
  5359 | D:7      | Reached skill level 6 in Armour
  5369 | D:7      | HP: 9/56 [gnoll sergeant/+0 trident (8)]
  5376 | D:7      | HP: 7/56 [gnoll sergeant/+0 trident (2)]
  5562 | D:7      | Found a hazy altar of Hepliaklqana.
  5873 | D:7      | Found a basalt altar of Yredelemnul.
  6147 | D:7      | 6147 ||| Stepping ~*~*~tactically~*~*~ (stealth).
  6259 | D:7      | Found a runed translucent door.
  6262 | D:7      | Noticed qw's ghost (novice GrCA)
  6315 | D:7      | 6315 ||| Stepping ~*~*~tactically~*~*~ (hiding).
  6317 | D:7      | 6317 ||| Stepping ~*~*~tactically~*~*~ (hiding).
  6585 | D:7      | Reached skill level 10 in Axes
  6679 | D:7      | 6679 ||| DRINKING 2 fizzy clear potions.
  6680 | D:7      | 6680 ||| READING 2 scrolls of identify.
  6680 | D:7      | 6680 ||| IDENTIFYING ruby potion
  6735 | D:8      | Reached XP level 10. HP: 63/63 MP: 10/10
  6823 | D:8      | 6823 ||| Stepping ~*~*~tactically~*~*~ (stealth).
  6873 | D:8      | 6873 ||| DROPPING +0 morningstar.
  6905 | D:8      | Noticed a two-headed ogre
  6918 | D:8      | Killed a two-headed ogre
  7122 | D:8      | Found Miusorr's Weapon Emporium.
  7167 | D:8      | Noticed Pikel
  7168 | D:8      | 7168 ||| Stepping ~*~*~tactically~*~*~ (stealth).
  7169 | D:8      | 7169 ||| Stepping ~*~*~tactically~*~*~ (stealth).
  7171 | D:8      | 7171 ||| Stepping ~*~*~tactically~*~*~ (stealth).
  7174 | D:8      | 7174 ||| Stepping ~*~*~tactically~*~*~ (stealth).
  7178 | D:8      | 7178 ||| Stepping ~*~*~tactically~*~*~ (stealth).
  7192 | D:8      | Killed Pikel
  7306 | D:8      | 7306 ||| Stepping ~*~*~tactically~*~*~ (stealth).
  7402 | D:8      | Noticed Erica
  7413 | D:8      | Killed Erica
  7725 | D:9      | Found an opulent altar of Gozag.
  7806 | D:9      | Reached skill level 11 in Axes
  7867 | D:9      | Found a snail-covered altar of Cheibriados.
  7870 | D:9      | Found a sacrificial altar of Ru.
  7870 | D:9      | Found a shimmering altar of Xom.
  7879 | D:9      | Found a burning altar of Makhleb.
  7882 | D:9      | Found an iron altar of Okawaru.
  7883 | D:9      | 7883 ||| PLANNING OKAWARU WORSHIP
  7889 | D:9      | Became a worshipper of Warmaster Okawaru
  7889 | D:9      | 7889 ||| PLANNING D:1-11
  7943 | D:9      | Noticed Maggie
  7944 | D:9      | 7944 ||| Stepping ~*~*~tactically~*~*~ (hiding).
  7946 | D:9      | 7946 ||| Stepping ~*~*~tactically~*~*~ (hiding).
  7958 | D:9      | Killed Maggie
  7980 | D:9      | 7980 ||| SWAPPING to +1 broad axe of draining.
  7981 | D:9      | 7981 ||| DROPPING +5 war axe.
  8031 | D:9      | 8031 ||| Stepping ~*~*~tactically~*~*~ (stealth).
  8034 | D:9      | 8034 ||| Stepping ~*~*~tactically~*~*~ (stealth).
  8042 | D:9      | Reached skill level 9 in Fighting
  8042 | D:9      | Reached XP level 11. HP: 40/71 MP: 11/11
  8046 | D:9      | HP: 12/71 [orc priest/divine providence (13)]
  8046 | D:9      | Killed from afar by an orc priest

Levels and vault maps discovered:
D:1:      dpeg_arrival_short_road, layout_loops_ring
D:2:      layout_basic, hellmonk_ecumenical_altar_run_dry
D:3:      layout_basic, nrook_mini_vaults, uniq_terence,
          uniq_crazy_yiuf_cottage, uniq_grinder
D:4:      layout_rooms
D:5:      layout_basic, serial_shops, kennysheep_mini_moat
D:6:      hellmonk_crumbling_castle, layout_rooms, minmay_temple_entry_glass,
          grunt_tough_drop, uniq_edmund
D:7:      layout_cave_pods, mainiacjoe_overflow_catch_the_wave,
          ebering_ghost_reflecting_pool, minmay_misc_feat_columns
D:8:      layout_basic, serial_shops, shop, uniq_erica, uniq_pikel
D:9:      layout_loops_ring, nicolae_gozag_seed_capital,
          minmay_overflow_temple_star_hex, erik_lair_orcish_takeover,
          david_orc_5, minmay_shop_damaged, hangedman_decor_push,
          nicolae_take_the_stairs, uniq_maggie
Temple:   cyrus_circular_temple

Skill      XL: |  1  2  3  4  5  6  7  8  9 10 |
---------------+-------------------------------+-----
Axes           | 2 3 4 6 7 9 10 11 | 11.1
Fighting       | 4 5 6 7 9 |  9.1
Dodging        | 1 2 |  2.1
Armour         | 4 6 8 |  8.0
Shields        | 4 5 |  5.8

Action                     |  1- 3 |  4- 6 |  7- 9 | 10-12 || total
---------------------------+-------+-------+-------+-------++-------
  Melee: War axe           |    82 |   154 |   255 |   120 ||   611
         Broad axe         |       |       |       |    13 ||    13
    Use: Scroll            |     4 |     6 |     7 |       ||    17
         Potion            |     1 |     2 |     2 |       ||     5
   Stab: Distracted        |       |     1 |       |       ||     1
 Armour: Scale mail        |    42 |    81 |    16 |       ||   139
         Chain mail        |       |       |    63 |       ||    63
         Plate armour      |       |       |    61 |    81 ||   142
  Dodge: Dodged            |    35 |    60 |    89 |    37 ||   221
  Block: Buckler           |    11 |    30 |    50 |    20 ||   111

Table legend:
 A = Non-vault XP
 B = Vault XP
 C = Vault XP percentage of total XP
 D = Non-vault monster count
 E = Vault monster count
 F = Vault count percentage of total count
                 A         B        C        D         E       F
            +---------+---------+-------+---------+---------+-------
      Total |    6894 |    2875 |  29.4 |     175 |      13 |   6.9
            +---------+---------+-------+---------+---------+-------
        D:1 |      47 |       0 |   0.0 |      26 |       0 |   0.0
        D:2 |      74 |       0 |   0.0 |      17 |       0 |   0.0
        D:3 |      80 |     294 |  78.6 |      17 |       2 |  10.5
        D:4 |     335 |       0 |   0.0 |      18 |       0 |   0.0
        D:5 |     693 |       0 |   0.0 |      24 |       0 |   0.0
        D:6 |     843 |     693 |  45.1 |      17 |       6 |  26.1
        D:7 |    1402 |       0 |   0.0 |      23 |       0 |   0.0
        D:8 |    2281 |    1440 |  38.7 |      20 |       2 |   9.1
        D:9 |    1139 |     448 |  28.2 |      13 |       3 |  18.8
            +---------+---------+-------+---------+---------+-------
